 Dungeon Crawl Stone Soup version 0.22-a0-282-gdd34a7d (webtiles) character file.

27240 tsouns the Fighter (level 13, -1/88 HPs)
             Began as a Kobold Fighter on Mar 16, 2018.
             Was an Elder of Wu Jian.
             Killed from afar by a catoblepas (5 damage)
             ... with a blast of calcifying dust
             ... on level 5 of the Lair of Beasts on Mar 17, 2018.
             The game lasted 01:07:04 (20666 turns).

tsouns the Fighter (Kobold Fighter)                Turns: 20666, Time: 01:07:04

Health: -1/88      AC: 11    Str: 15    XL:     13   Next: 64%
Magic:  0/15       EV: 32    Int: 15    God:    Wu Jian [****..]
Gold:   1022       SH: 12    Dex: 15    Spells: 12/12 levels left

rFire    . . .     SeeInvis +   l - +1 dagger (venom)
rCold    . . .     Gourm    .   c - +0 shield
rNeg     . . .     Faith    .   L - +1 leather armour {MR+}
rPois    .         Spirit   +   C - +2 helmet
rElec    .         Reflect  .   w - scarf {Spirit}
rCorr    .         Harm     .   (no gloves)
MR       +....                  H - +2 pair of boots {Fly}
Stlth    +++.......             P - amulet of the acrobat
HPRegen  0.24/turn              p - ring of see invisible
MPRegen  0.14/turn              B - +3 ring of intelligence

@: flying, very slightly contaminated
A: small, carnivore
a: Wall Jump, Serpent's Lash, Renounce Religion, Stop Flying


You were on level 5 of the Lair of Beasts.
You worshipped Wu Jian.
Wu Jian was greatly pleased with you.
You were very full.

You visited 3 branches of the dungeon, and saw 17 of its levels.

You collected 1022 gold pieces.

Inventory:

Hand Weapons
 a - a +0 rapier
 l - a +1 dagger of venom (weapon)
 u - a +0 blowgun
 z - a +1 dagger of pain
 F - a +4 dagger of speed
Missiles
 e - 200 arrows
 k - 344 stones
 q - 204 sling bullets
 s - 130 bolts
 t - 26 poisoned needles
 y - 26 tomahawks (quivered)
 R - 7 needles of paralysis
Armour
 b - a +1 scale mail
 c - a +0 shield (worn)
 w - a scarf of spirit shield (worn)
 C - a +2 helmet (worn)
 H - a +2 pair of boots of flying (worn)
 K - a +0 cloak
 L - a +1 leather armour of magic resistance (worn)
Jewellery
 n - an uncursed ring of ice
 p - a ring of see invisible (left hand)
 B - a +3 ring of intelligence (right hand)
 P - an amulet of the acrobat (around neck)
Wands
 g - a wand of iceblast (10)
 x - a wand of scattershot (3)
 A - a wand of random effects (14)
 T - a wand of flame (16)
Scrolls
 h - 5 scrolls of teleportation
 i - 10 scrolls of remove curse
 m - 3 scrolls of enchant weapon
 v - 2 scrolls of amnesia
 D - a scroll of summoning
 I - a scroll of holy word
 J - a scroll of blinking
 N - a scroll of fear
 O - 2 scrolls of magic mapping
 S - a scroll of torment
Potions
 d - 2 potions of agility
 j - 2 potions of ambrosia
 o - 4 potions of resistance
 r - a potion of invisibility
 E - 3 potions of brilliance
 G - 3 potions of flight
 U - a potion of magic
Miscellaneous
 Q - a fan of gales
Comestibles
 f - 30 rations


   Skills:
 + Level 13.1 Fighting
 - Level 12.7 Short Blades
 - Level 6.6 Armour
 - Level 7.1 Dodging
 + Level 6.0 Stealth
 + Level 10.5 Shields
 - Level 3.0 Evocations


You had 12 spell levels left.
You didn't know any spells.

Dungeon Overview and Level Annotations

Branches:
Dungeon (11/15)            Temple (1/1) D:6            Lair (5/6) D:11
  Swamp (0/4) Lair:4        Snake (0/4) Lair:3
  Slime: Lair:5-6       Orc: D:9-12

Altars:
Ashenzari
Cheibriados
Dithmenos
Elyvilon
Fedhas
Gozag
Hepliaklqana
Kikubaaqudgha
Makhleb
Nemelex Xobeh
Okawaru
Qazlal
Ru
Sif Muna
Trog
Uskayaw
Vehumet
Wu Jian
Xom
Yredelemnul
Zin
The Shining One

Shops:
D:10 (

Annotations:
Lair:3 exclusion: oklob plant


Innate Abilities, Weirdness & Mutations

You are small and have problems with some larger weapons.
You are carnivorous and can eat meat at any time.


Message History

Aiming: Iceblast
Press: ? - help, Shift-Dir - straight line, f - spiny frog
Aim: a spiny frog The mass of ice explodes!
The iceblast engulfs the spiny frog.
The spiny frog is moderately wounded.
The iceblast engulfs the catoblepas.
The catoblepas is severely wounded.
You hit the catoblepas but do no damage.
The catoblepas looks as sick as possible!
The catoblepas is severely wounded.
The catoblepas gores you!!
* * * LOW HITPOINT WARNING * * *
Unknown command.
Blink to where?
Press: ? - help, Dir - move target cursor, p - spiny frog You are very lightly contaminated with residual magic.
As you read the scroll of blinking, it crumbles to dust.
The catoblepas breathes a plume of calcifying dust at you.
The blast of calcifying dust hits you!
You die...

#..P###..........................
#.# #..Y...#..P#.......#.#P.... #
PP #..F..##.................#.
.PP##......#............. .....
............§#...P.......
#...##....÷.......#..... #.
.##........§..#......
#.#..#.........§........
...##.P.....#...@.......
........................
...........÷........<...
.........................
....<...................
...........##...#........
.#...........##.#....... .
P.##.P......###..#.P...# ..
..P..#....>PP....##....## #Y#.


You could see a spiny frog.

Vanquished Creatures
  The ghost of RoseArtemis the Basher, a journeyman MiFi of Okawaru (D:9)
  Erolcha (D:9)
  3 hydras (Lair:1)
  A centaur warrior (D:11)
  A two-headed ogre (D:9)
  A cyclops (D:11)
  An ugly thing (D:11)
  2 centaur zombies (D:10)
  Maurice (D:11)
  2 black mambas
  Joseph (D:9)
  Psyche (D:9)
  A centaur skeleton (D:10)
  5 spiny frogs
  4 rime drakes
  A komodo dragon (Lair:4)
  A troll (D:9)
  A polar bear (Lair:2)
  10 blink frogs
  2 spriggans (Lair:2)
  4 hippogriffs
  26 yaks
  A wyvern (D:11)
  A basilisk (Lair:5)
  2 hungry ghosts
  5 swamp worms (Lair:4)
  2 nagas (Lair:3)
  An acid dragon (D:11)
  7 water moccasins
  6 porcupines
  10 orc warriors
  An ice beast (D:10)
  5 sky beasts
  4 black bears
  A phantom (D:10)
  3 wolves (Lair:2)
  5 centaurs
  5 ogres
  5 crocodiles
  16 bullfrogs
  A water moccasin zombie (D:9)
  2 scorpions
  3 wights (D:8)
  2 howler monkeys
  8 crimson imps
  An electric eel (Lair:4)
  2 quasits
  8 jellies
  4 hounds
  3 orc priests
  2 iguanas
  13 orc wizards
  5 hell rats (Lair:2)
  9 worker ants
  2 hound skeletons
  A worker ant zombie (D:10)
  A howler monkey skeleton (D:4)
  10 adders
  2 shadow imps
  2 oozes
  2 adder skeletons
  2 dart slugs (D:2)
  2 worms
  5 leopard geckos
  49 orcs
  4 ball pythons
  7 bats
  7 giant cockroaches
  5 goblins
  11 hobgoblins
  6 jackals
  9 kobolds
  2 quokkas
  8 frilled lizards
  A leopard gecko zombie (D:5)
  9 rats
361 creatures vanquished.

Vanquished Creatures (collateral kills)
  A jelly (D:11)
  An orc (D:9)
2 creatures vanquished.

Vanquished Creatures (others)
  A spiny frog (Lair:3)
  8 fungi
  11 plants
20 creatures vanquished.

Grand Total: 383 creatures vanquished

Notes
Turn   | Place    | Note
-------+----------+-------------------------------------------
     0 | D:1      | tsouns the Kobold Fighter began the quest for the Orb.
     0 | D:1      | Reached XP level 1. HP: 14/14 MP: 1/1
   234 | D:1      | Reached XP level 2. HP: 19/19 MP: 2/2
   486 | D:1      | Reached XP level 3. HP: 20/23 MP: 3/3
   929 | D:2      | Reached XP level 4. HP: 19/28 MP: 4/4
  1827 | D:3      | Reached XP level 5. HP: 23/33 MP: 5/5
  2629 | D:5      | Entered Level 5 of the Dungeon
  2754 | D:5      | Noticed a sky beast
  2766 | D:5      | Killed a sky beast
  2766 | D:5      | Reached skill level 4 in Fighting
  2766 | D:5      | Reached skill level 5 in Short Blades
  2766 | D:5      | Reached skill level 1 in Dodging
  2766 | D:5      | Reached XP level 6. HP: 19/38 MP: 6/6
  3025 | D:5      | Reached XP level 7. HP: 25/43 MP: 7/7
  3225 | D:4      | You fall through a shaft for 3 floors!
  3280 | D:7      | Noticed a hungry ghost
  3296 | D:7      | Killed a hungry ghost
  3296 | D:7      | Reached skill level 1 in Stealth
  3396 | D:7      | Reached XP level 8. HP: 47/48 MP: 8/8
  4057 | D:4      | Reached skill level 5 in Fighting
  4755 | D:5      | Reached XP level 9. HP: 30/54 MP: 9/9
  5598 | D:6      | Found a staircase to the Ecumenical Temple.
  5625 | D:6      | Reached skill level 6 in Fighting
  5666 | D:5      | Reached skill level 5 in Shields
  6328 | Temple   | Entered the Ecumenical Temple
  6591 | Temple   | Became a worshipper of the Wu Jian Council
  7585 | D:8      | Reached skill level 7 in Fighting
  7585 | D:8      | Reached skill level 10 in Short Blades
  7613 | D:8      | Reached * piety under Wu Jian
  7665 | D:8      | Reached XP level 10. HP: 40/63 MP: 10/10
  8568 | D:8      | Reached skill level 8 in Fighting
  9372 | D:8      | Reached ** piety under Wu Jian
  9504 | D:8      | Found a glowing golden altar of the Shining One.
  9825 | D:9      | Noticed RoseArtemis's ghost (journeyman MiFi)
  9983 | D:9      | Killed RoseArtemis's ghost
 10241 | D:9      | Reached skill level 9 in Fighting
 10451 | D:9      | Noticed Erolcha
 10457 | D:9      | Noticed Joseph
 10465 | D:9      | Killed Erolcha
 10465 | D:9      | Reached XP level 11. HP: 71/71 MP: 11/11
 10511 | D:9      | Killed Joseph
 10578 | D:9      | Noticed Maurice
 10613 | D:9      | Noticed a two-headed ogre
 10638 | D:9      | Killed a two-headed ogre
 11238 | D:9      | Noticed Psyche
 11255 | D:9      | Killed Psyche
 11255 | D:9      | Reached skill level 10 in Fighting
 11749 | D:10     | Entered Level 10 of the Dungeon
 11749 | D:10     | Found Zaheqov's Weapon Boutique.
 12021 | D:10     | Reached skill level 5 in Armour
 12692 | D:10     | Found a deep blue altar of Sif Muna.
 12902 | D:11     | Noticed a skeletal warrior
 12922 | D:11     | Noticed a cyclops
 12940 | D:11     | Killed Maurice
 12985 | D:11     | Killed a cyclops
 13190 | D:11     | Reached *** piety under Wu Jian
 13280 | D:11     | Noticed a cyan ugly thing
 13288 | D:11     | Killed a cyan ugly thing
 13291 | D:11     | Noticed a centaur warrior
 13332 | D:11     | Killed a centaur warrior
 13332 | D:11     | Reached skill level 5 in Dodging
 13332 | D:11     | Reached XP level 12. HP: 14/79 MP: 2/12
 13850 | D:11     | Noticed a skeletal warrior
 13868 | D:11     | Noticed a skeletal warrior
 13889 | D:11     | Noticed a skeletal warrior
 14184 | D:11     | Found a staircase to the Lair.
 14260 | Lair:1   | Entered Level 1 of the Lair of Beasts
 14840 | Lair:1   | Noticed a seven-headed hydra
 14841 | Lair:1   | Noticed a seven-headed hydra
 14910 | Lair:1   | Killed a seven-headed hydra
 14910 | Lair:1   | Reached skill level 11 in Fighting
 14913 | Lair:1   | Noticed a five-headed hydra
 14926 | Lair:1   | Killed a seven-headed hydra
 14933 | Lair:1   | Killed a five-headed hydra
 14933 | Lair:1   | Reached skill level 1 in Evocations
 16411 | Lair:2   | Upgraded the game from 0.22-a0-280-g69bf1f3 to 0.22-a0-282-gdd34a7d
 17109 | Lair:3   | Reached XP level 13. HP: 23/85 MP: 5/15
 17430 | Lair:3   | Reached **** piety under Wu Jian
 17442 | Lair:3   | Reached skill level 12 in Fighting
 18143 | Lair:3   | Reached skill level 10 in Shields
 18625 | Lair:3   | Found a staircase to the Snake Pit.
 19455 | Lair:4   | Reached skill level 5 in Stealth
 19461 | Lair:4   | Found a staircase to the Swamp.
 19649 | Lair:4   | Reached skill level 13 in Fighting
 20588 | Lair:5   | Noticed a catoblepas
 20663 | Lair:5   | HP: 3/88 [catoblepas (21)]
 20666 | Lair:5   | Killed from afar by a catoblepas

Vault maps used:
D:1:      minmay_arrival_radiant_lines, minmay_octomino_j4
D:2:      first_ration
D:3:      minmay_wonky_spiral
D:6:      temple_fountains, st_stairs_3, grunt_decor_one_mirror
D:8:      tso_metal_star
D:9:      uniq_maurice, uniq_psyche, uniq_erolcha, uniq_joseph
D:10:     serial_shops, shop, basic_altar
D:11:     lair_entry_dummy
Temple:   roderic_octagonal_lattice_temple
Lair:1:   wad_woods_road_03, wad_woods_road_05, grunt_megastairs_4,
          serial_bayou_shore_a
Lair:2:   forest_entry_grove
Lair:3:   minmay_snake_entry_guardpost_small, lemuel_fruit_tree,
          grunt_megastairs_3
Lair:4:   nicolae_swamp_entry_splash_gauntlet

Skill      XL: |  1  2  3  4  5  6  7  8  9 10 11 12 13 |
---------------+----------------------------------------+-----
Short Blades   | 3 4 5 6 8 10 12 | 12.7
Shields        | 3 4 5 7 8 9 10 | 10.5
Armour         | 3 4 5 6 |  6.6
Fighting       | 4 5 7 9 10 11 13 | 13.1
Dodging        | 1 2 3 5 7 |  7.1
Stealth        | 1 3 6 |  6.0
Evocations     | 3 |  3.0

Action                   |  1- 3 |  4- 6 |  7- 9 | 10-12 | 13-15 || total
-------------------------+-------+-------+-------+-------+-------++-------
Melee: Rapier            |   149 |    78 |       |       |       ||   227
       Dagger            |       |   103 |   551 |  1691 |   821 ||  3166
Throw: Tomahawk          |       |       |       |     7 |       ||     7
Invok: Lunge             |       |       |     5 |    42 |    17 ||    64
       Whirlwind         |       |       |       |   142 |    46 ||   188
       Wall Jump         |       |       |       |     5 |     2 ||     7
Evoke: Wand              |       |       |     9 |    36 |    12 ||    57
       Fan of gales      |       |       |       |     1 |       ||     1
  Use: Potion            |       |     5 |     2 |     8 |       ||    15
       Scroll            |       |     7 |     5 |    14 |     4 ||    30
 Stab: Confused          |       |       |       |     1 |       ||     1
       Sleeping          |       |       |       |     3 |     1 ||     4
       Invisible         |       |       |       |     1 |       ||     1
       Distracted        |       |       |       |     1 |       ||     1
  Eat: Chunk             |     9 |     5 |    19 |    38 |    10 ||    81
Armor: Scale mail        |    54 |    36 |    88 |   162 |    36 ||   376
       Leather armour    |       |       |       |    59 |    16 ||    75
Dodge: Dodged            |    35 |    36 |   125 |   352 |   177 ||   725
Block: Shield            |    55 |    60 |   142 |   425 |   193 ||   875

Table legend:
 A = Spawn XP
 B = Non-spawn XP
 C = Spawn XP percentage of total XP
 D = Spawn monster count
 E = Non-spawn monster count
 F = Spawn count percentage of total count
 G = Total turns spent on level
                    A         B        C        D         E        F      G
               +---------+---------+-------+---------+---------+-------+---------
         Total |       0 |   38915 |   0.0 |       0 |     364 |   0.0 | 20666
               +---------+---------+-------+---------+---------+-------+---------
           D:1 |       0 |      30 |   0.0 |       0 |      20 |   0.0 |   645
           D:2 |       0 |      75 |   0.0 |       0 |      23 |   0.0 |   873
           D:3 |       0 |      80 |   0.0 |       0 |      27 |   0.0 |  1033
           D:4 |       0 |     319 |   0.0 |       0 |      18 |   0.0 |   740
           D:5 |       0 |     909 |   0.0 |       0 |      23 |   0.0 |  1690
           D:6 |       0 |     759 |   0.0 |       0 |      12 |   0.0 |  1025
           D:7 |       0 |    1305 |   0.0 |       0 |      36 |   0.0 |  1666
           D:8 |       0 |    2311 |   0.0 |       0 |      42 |   0.0 |  1923
           D:9 |       0 |    5260 |   0.0 |       0 |      30 |   0.0 |  2067
          D:10 |       0 |    1799 |   0.0 |       0 |      17 |   0.0 |  1311
          D:11 |       0 |    3746 |   0.0 |       0 |      18 |   0.0 |  1006
        Lair:1 |       0 |    6012 |   0.0 |       0 |      17 |   0.0 |  1458
        Lair:2 |       0 |    2698 |   0.0 |       0 |      20 |   0.0 |  1556
        Lair:3 |       0 |    8113 |   0.0 |       0 |      37 |   0.0 |  1830
        Lair:4 |       0 |    3808 |   0.0 |       0 |      17 |   0.0 |  1130
        Lair:5 |       0 |    1691 |   0.0 |       0 |       7 |   0.0 |   432
               +---------+---------+-------+---------+---------+-------+---------
